 Dungeon Crawl Stone Soup version 0.26-a0-84-g8c18429211 (webtiles) character file.

Game seed: 17062845720685733440

1711018 bmfx the Impregnable (level 27, 250/250 HPs)
             Began as a Ghoul Air Elementalist on June 18, 2020.
             Was the Champion of Okawaru.
             Escaped with the Orb
             ... and 3 runes!
             The game lasted 03:03:13 (75110 turns).

bmfx the Impregnable (Ghoul Air Elementalist)      Turns: 75110, Time: 03:03:13

Health: 250/250    AC: 47    Str: 30    XL:     27
Magic:  29/29      EV: 16    Int: 10    God:    Okawaru [******]
Gold:   1798       SH: 29    Dex: 18    Spells: 29/29 levels left

rFire    + + +     SeeInvis +   a - +8 broad axe "Haqim" {god gift, vorpal, MR+}
rCold    + + .     Gourm    .   j - +4 tower shield {AC+3}
rNeg     + + +     Faith    .   M - +12 gold dragon scales
rPois    ∞         Spirit   +   V - +2 helmet {SInv} {god gift}
rElec    +         Reflect  .   W - scarf {repulsion}
rCorr    .         Harm     .   v - +0 pair of gloves of Slovenliness {rPois Str+5}
MR       ++++.                  J - +0 pair of boots of Unambiguity {god gift, MR+ Dex+9}
Stlth    ..........             u - amulet of Irpheode {Spirit rElec rF++}
HPRegen  0.51/turn              o - +4 ring of slaying
MPRegen  0.21/turn              L - +4 ring of slaying

@: rotting, repel missiles
A: rotting body, claws 1, carnivore, cold resistance 1, negative energy
resistance 3, inhibited regeneration, torment resistance, unbreathing
0: Orb of Zot
}: 3/15 runes: serpentine, barnacled, silver
a: Heroism, Finesse, Renounce Religion


You escaped.
You worshipped Okawaru.
Okawaru was exalted by your worship.
You were not hungry.

You visited 9 branches of the dungeon, and saw 49 of its levels.
You visited the Abyss 1 time.
You visited 2 bazaars.
You also visited: Trove, Sewer, Gauntlet, Ice Cave and Volcano.

You collected 8036 gold pieces.
You spent 6238 gold pieces at shops.


Innate Abilities, Weirdness & Mutations

Your body is rotting away.
You thrive on raw meat.
You are immune to poison.
You have sharp fingernails.
You are carnivorous and can eat meat at any time.
Your flesh is cold resistant. (rC+)
You are immune to negative energy. (rN+++)
You do not regenerate when monsters are visible.
You are immune to unholy pain and torment.
You can survive without breathing.

Dungeon Overview and Level Annotations

Branches:
Dungeon (15/15)            Temple (0/1) D:7            Lair (6/6) D:11
 Shoals (4/4) Lair:3        Snake (4/4) Lair:4        Slime (0/5) Lair:5
    Orc (2/2) D:9             Elf (3/3) Orc:2        Vaults (5/5) D:13
  Crypt (0/3) Vaults:3     Depths (5/5) D:15            Zot (5/5) Depths:5
  Sewer (visited)           IceCv (visited)         Volcano (visited)
Gauntlet (visited)

Altars:
Cheibriados
Elyvilon
Fedhas
Hepliaklqana
Nemelex Xobeh
Okawaru
Qazlal
Ru
Uskayaw
Wu Jian
Xom

Shops:
D:4 ((:   D:5 =   D:9 ([   D:11 ([[   Orc:2 [*:(   Shoals:2 :   Shoals:3 :=*([
Snake:1 !   Vaults:1 *   Vaults:4 *   Depths:2 ==}

Portals:
Hell: Depths:1 Depths:2 Depths:3 Depths:4 Depths:5
Abyss: Depths:4 Depths:5
Pandemonium: Depths:2 Depths:3 Depths:4
Ziggurat: Depths:3

Annotations:
Shoals:2 Roxanne
Depths:5 exclusion: upstairs
Zot:3 exclusion: door


   Skills:
 - Level 21.0 Fighting
 - Level 18.0 Axes
 - Level 21.0 Throwing
 + Level 22.3 Armour
 - Level 15.0 Dodging
 - Level 2.1 Stealth
 - Level 21.0 Shields
 - Level 4.7 Unarmed Combat
 - Level 1.7 Spellcasting
   Level 0.7 Conjurations
   Level 2.4 Air Magic
 - Level 10.0 Invocations
 - Level 10.0 Evocations


You had 29 spell levels left.
You didn't know any spells.
Your spell library contained the following spells:

 Spells                   Type           Power        Failure   Level  Hunger
 Shock                    Conj/Air       #...         92%         1    ##.....
 Magic Dart               Conj           #...         97%         1    ##.....
 Foxfire                  Conj/Fire      #...         98%         1    ##.....
 Animate Skeleton         Necr           N/A          99%         1    ##.....
 Corona                   Hex            #......      99%         1    ##.....
 Freeze                   Ice            #...         99%         1    ##.....
 Pain                     Necr           #...         99%         1    ##.....
 Sting                    Tmut/Pois      #...         99%         1    ##.....
 Summon Small Mammal      Summ           #...         99%         1    ##.....
 Corpse Rot               Necr/Air       N/A          99%         2    ###....
 Poisonous Vapours        Pois/Air       #.....       99%         2    ###....
 Searing Ray              Conj           #.....       99%         2    ###....
 Swiftness                Chrm/Air       #.......     99%         2    ###....
 Blink                    Tloc           N/A          100%        2    ###....
 Call Imp                 Summ           #.......     100%        2    ###....
 Ensorcelled Hibernation  Hex/Ice        #.....       100%        2    ###....
 Passwall                 Tmut/Erth      #.......     100%        2    ###....
 Slow                     Hex            #.......     100%        2    ###....
 Sticks to Snakes         Tmut           #.......     100%        2    ###....
 Call Canine Familiar     Summ           #.......     100%        3    ####...
 Confusing Touch          Hex            #.......     100%        3    ####...
 Conjure Flame            Conj/Fire      #.......     100%        3    ####...
 Dazzling Flash           Conj/Hex       #.....       100%        3    ####...
 Frozen Ramparts          Ice            #.....       100%        3    ####...
 Gell's Gravitas          Tloc           #.........   100%        3    ####...
 Ignite Poison            Fire/Tmut/Pois #.......     100%        3    ####...
 Inner Flame              Hex/Fire       #.......     100%        3    ####...
 Mephitic Cloud           Conj/Pois/Air  #.......     100%        3    ####...
 Ozocubu's Armour         Chrm/Ice       #.......     100%        3    ####...
 Portal Projectile        Hex/Tloc       #.....       100%        3    ####...
 Recall                   Summ/Tloc      N/A          100%        3    ####...
 Static Discharge         Conj/Air       #.......     100%        3    ####...
 Stone Arrow              Conj/Erth      #.....       100%        3    ####...
 Summon Guardian Golem    Hex/Summ       #.......     100%        3    ####...
 Tukima's Dance           Hex            #.......     100%        3    ####...
 Vampiric Draining        Necr           #.........   100%        3    ####...
 Airstrike                Air            #.........   100%        4    #####..
 Animate Dead             Necr           N/A          100%        4    #####..
 Dispel Undead            Necr           #.......     100%        4    #####..
 Hailstorm                Conj/Ice       #.......     100%        4    #####..
 Iskenderun's Mystic Bla  Conj/Tloc      #.......     100%        4    #####..
 Olgreb's Toxic Radiance  Pois           #.......     100%        4    #####..
 Petrify                  Tmut/Erth      #.......     100%        4    #####..
 Sticky Flame             Conj/Fire      #.......     100%        4    #####..
 Summon Ice Beast         Ice/Summ       #.......     100%        4    #####..
 Summon Lightning Spire   Summ/Air       #.......     100%        4    #####..
 Agony                    Necr           #.......     100%        5    ######.
 Aura of Abjuration       Summ           #.........   100%        5    ######.
 Bolt of Magma            Conj/Fire/Erth #.........   100%        5    ######.
 Borgnjor's Vile Clutch   Necr/Erth      #.........   100%        5    ######.
 Excruciating Wounds      Chrm/Necr      #.........   100%        5    ######.
 Fireball                 Conj/Fire      #.........   100%        5    ######.
 Irradiate                Conj/Tmut      #.........   100%        5    ######.
 Iskenderun's Battlesphe  Conj/Chrm      #.......     100%        5    ######.
 Lee's Rapid Deconstruct  Erth           #.........   100%        5    ######.
 Lightning Bolt           Conj/Air       #.........   100%        5    ######.
 Metabolic Englaciation   Hex/Ice        #.........   100%        5    ######.
 Silence                  Hex/Air        #.........   100%        5    ######.
 Summon Demon             Summ           #.........   100%        5    ######.
 Summon Forest            Summ/Tloc      #.........   100%        5    ######.
 Summon Mana Viper        Hex/Summ       #.......     100%        5    ######.
 Yara's Violent Unravell  Hex/Tmut       #.........   100%        5    ######.
 Conjure Ball Lightning   Conj/Air       #.........   100%        6    #######
 Darkness                 Hex            #.........   100%        6    #######
 Death Channel            Necr           #.........   100%        6    #######
 Dispersal                Tloc           #.........   100%        6    #######
 Eringya's Noxious Bog    Tmut/Pois      #.........   100%        6    #######
 Freezing Cloud           Conj/Ice/Air   #.........   100%        6    #######
 Invisibility             Hex            #.......     100%        6    #######
 Iron Shot                Conj/Erth      #.........   100%        6    #######
 Ozocubu's Refrigeration  Ice            #.........   100%        6    #######
 Shadow Creatures         Summ           N/A          100%        6    #######
 Simulacrum               Ice/Necr       #.........   100%        6    #######
 Orb of Destruction       Conj           #.........   100%        7    #######
 Ring of Flames           Chrm/Fire      #.........   100%        7    #######
 Spellforged Servitor     Conj/Summ      #.........   100%        7    #######
 Summon Hydra             Summ           #.........   100%        7    #######
 Chain Lightning          Conj/Air       #.........   100%        8    #######
 Controlled Blink         Tloc           N/A          100%        8    #######
 Disjunction              Tloc           #.........   100%        8    #######
 Ignition                 Fire           #.........   100%        8    #######
 Lehudib's Crystal Spear  Conj/Erth      #.........   100%        8    #######
 Absolute Zero            Ice            #.........   100%        9    #######
 Fire Storm               Conj/Fire      #.........   100%        9    #######
 Shatter                  Erth           #.........   100%        9    #######
 Tornado                  Air            #.........   100%        9    #######
 Beastly Appendage        Tmut           Unusable     N/A         1    N/A
 Sublimation of Blood     Necr           Unusable     N/A         2    N/A
 Spider Form              Tmut/Pois      Unusable     N/A         3    N/A
 Ice Form                 Ice/Tmut       Unusable     N/A         4    N/A
 Passage of Golubria      Tloc           Unusable     N/A         4    N/A
 Blade Hands              Tmut           Unusable     N/A         5    N/A
 Hydra Form               Tmut           Unusable     N/A         6    N/A
 Statue Form              Tmut/Erth      Unusable     N/A         6    N/A

Action                   |  1- 3 |  4- 6 |  7- 9 | 10-12 | 13-15 | 16-18 | 19-21 | 22-24 | 25-27 || total
-------------------------+-------+-------+-------+-------+-------+-------+-------+-------+-------++-------
Melee: Unarmed           |   102 |   115 |       |       |       |       |       |       |       ||   217
       Punch             |     1 |     3 |     3 |       |       |       |       |       |       ||     7
       War axe           |       |    44 |   260 |   713 |  1241 |    70 |       |    17 |       ||  2345
       Broad axe         |       |       |       |       |    59 |  1503 |  1303 |  1368 |  1226 ||  5459
Throw: Dart              |     3 |    30 |    10 |    62 |    13 |     6 |     1 |       |       ||   125
       Boomerang         |       |       |     7 |     9 |       |       |       |       |       ||    16
       Stone             |       |       |     6 |       |       |       |       |       |       ||     6
       Javelin           |       |       |       |       |    20 |    12 |    35 |    15 |   890 ||   972
 Cast: Shock             |    48 |    17 |       |       |       |       |       |       |       ||    65
Invok: Heroism           |       |     1 |    15 |    24 |    28 |    43 |    28 |    19 |    27 ||   185
       Finesse           |       |       |       |       |    10 |    16 |     7 |     9 |    11 ||    53
Evoke: Wand              |       |       |     7 |    16 |    42 |     7 |     7 |     1 |     4 ||    84
       Phantom mirror    |       |       |       |       |       |       |     1 |       |       ||     1
       Tin of tremorston |       |       |       |       |       |       |     4 |    11 |     2 ||    17
       Lightning rod     |       |       |       |       |       |       |       |       |     7 ||     7
  Use: Scroll            |     3 |     6 |    13 |    11 |    11 |     9 |     8 |    24 |     9 ||    94
       Potion            |       |       |       |     4 |     1 |     6 |     3 |     1 |     2 ||    17
 Stab: Sleeping          |     1 |     4 |       |       |       |       |       |       |       ||     5
       Invisible         |       |       |       |     3 |       |     3 |       |       |       ||     6
       Distracted        |       |       |       |       |       |       |     2 |     3 |     2 ||     7
       Petrified         |       |       |       |       |       |       |       |       |     3 ||     3
  Eat: Chunk             |     6 |    16 |    22 |    39 |    66 |    84 |    81 |    98 |    71 ||   483
       Ration            |       |       |       |       |     1 |       |       |     1 |     3 ||     5
Armor: Robe              |     8 |    13 |       |       |       |       |       |       |       ||    21
       Ring mail         |       |    15 |       |       |       |       |       |       |       ||    15
       Plate armour      |       |       |   102 |   249 |   387 |   103 |       |       |       ||   841
       Chain mail        |       |       |       |       |       |   340 |   309 |    84 |       ||   733
       Gold dragon scale |       |       |       |       |       |       |       |   252 |   391 ||   643
Dodge: Dodged            |    51 |    77 |    47 |    93 |   123 |   297 |   304 |   209 |   281 ||  1482
       Repelled          |       |       |       |       |     7 |    60 |    39 |    23 |    37 ||   166
Block: Buckler           |       |       |    18 |    71 |       |       |       |       |       ||    89
       Tower shield      |       |       |       |   160 |   654 |  1214 |  1063 |  1018 |  1141 ||  5250
       Kite shield       |       |       |       |       |       |    22 |       |       |       ||    22

Skill      XL: |  1  2  3  4  5  6  7  8  9 10 11 12 13 14 15 16 17 18 19 20 21 22 23 24 25 26 27 |
---------------+----------------------------------------------------------------------------------+-----
Unarmed Combat | 1 2 3 4 |  4.7
Fighting       | 1 3 4 8 9 12 15 18 21 | 21.0
Axes           | 1 2 4 6 8 11 12 13 15 17 18 | 18.0
Evocations     | 1 3 4 6 7 9 10 | 10.0
Invocations    | 4 6 7 10 | 10.0
Armour         | 1 3 4 7 8 11 12 13 15 17 18 22 | 22.3
Shields        | 4 8 12 13 15 17 18 21 | 21.0
Throwing       | 6 10 12 14 15 18 21 | 21.0
Dodging        | 5 8 10 12 13 15 | 15.0
Stealth        | |  2.1
Spellcasting   | |  1.7
Conjurations   | |  0.7
Air Magic      | |  2.4

Inventory:

Hand Weapons
 a - the +8 broad axe "Haqim" (weapon) {god gift, vorpal, MR+}
   (Okawaru gifted it to you on level 15 of the Dungeon)

   It inflicts extra damage upon your enemies.
   It affects your resistance to hostile enchantments.
Missiles
 b - 3 silver boomerangs {god gift}
 h - 26 curare-tipped darts {god gift}
 k - 69 javelins
 q - 9 throwing nets {!f}
 z - 64 silver javelins (quivered)
Armour
 j - a +4 tower shield of protection (worn)
 t - a +2 cloak of preservation
 v - the +0 pair of gloves of Slovenliness (worn) {rPois Str+5}
   (You found it in a treasure trove)

   It affects your strength (+5).
   It protects you from poison.
 C - the +2 cloak of the Thief {+Fog Slay-2 SInv Stlth+}
   (You found it in a treasure trove)

   It affects your accuracy and damage with ranged weapons and melee attacks
   (-2).
   It lets you see invisible.
   It makes you more stealthy.
 J - the +0 pair of boots of Unambiguity (worn) {god gift, MR+ Dex+9}
   (Okawaru gifted it to you on level 2 of the Orcish Mines)

   It affects your dexterity (+9).
   It affects your resistance to hostile enchantments.
 M - +12 gold dragon scales (worn)
 V - a +2 helmet of see invisible (worn) {god gift}
 W - a scarf of repulsion (worn)
Jewellery
 o - a +4 ring of slaying (left hand)
 u - the amulet of Irpheode (around neck) {Spirit rElec rF++}
   (You bought it in a shop on level 2 of the Depths)

   [amulet of guardian spirit]

   It causes incoming damage to be split between your health and magic.
   It greatly protects you from fire.
   It insulates you from electricity.
 B - an uncursed ring of resist corrosion
 I - an uncursed ring of protection from magic
 L - a +4 ring of slaying (right hand)
 N - an uncursed ring of see invisible
 S - an uncursed ring of flight
Wands
 c - a wand of acid (30)
 d - a wand of iceblast (66)
 l - a wand of disintegration (12)
 O - a wand of enslavement (16)
 P - a wand of paralysis (5)
 T - a wand of digging (9)
 Z - a wand of clouds (3)
Scrolls
 f - 17 scrolls of identify {@r3}
 m - 9 scrolls of fear
 y - 20 scrolls of teleportation {@r1}
 K - 6 scrolls of blinking {@r2}
 Q - 7 scrolls of fog
 U - 2 scrolls of summoning
 Y - 25 scrolls of remove curse {@r4}
Potions
 g - 9 potions of flight
 i - 6 potions of resistance
 n - 13 potions of stabbing
 p - 27 potions of curing {@q2}
 r - 5 potions of haste {@q4}
 s - 14 potions of heal wounds {@q1}
 w - 5 potions of cancellation
 R - 5 potions of invisibility
 X - 4 potions of might
Miscellaneous
 e - a lightning rod (4/4)
 x - a phial of floods
 A - a tin of tremorstones (3/3)
 D - 5 phantom mirrors
 G - 6 boxes of beasts
 H - a phial of floods
Comestibles
 E - 88 rations

..##.#
#.######
..##.#
#......#
..##.#
######.#
.###.#
#.'..# .#
#.#
#.#..# .#
#.#
#.##.#
.###.###
#.##.#
.......#
##.##.#
####.#.#
#@.'..###
#.#.#
##.#....#
#.#.#
#.####.#
#.#.# #.#
#.# #.#.#
#.####.#
#.#.#
#.+.##.#
#.#.#
###....#
#.#.#
####.#
#.#.#
##.##


There were no monsters in sight!

Vanquished Creatures
  6 orbs of fire
  11 ancient liches
  A juggernaut (Depths:3)
  5 pandemonium lords
  Sojobo (Depths:1)
  5 Killer Klowns
  A curse toe (Zot:2)
  2 caustic shrikes (Depths:3)
  the Enchantress (Depths:4)
  11 golden dragons
  A bone dragon (Abyss:1)
  The ghost of Ceoruaheis the Impregnable, an adept MiFi of Gozag (Vaults:1)
  2 Tzitzimimeh
  23 tentacled monstrosities
  A Brimstone Fiend (D:8)
  3 electric golems
  5 Ice Fiends
  Rupert (D:14)
  4 titans
  5 liches
  3 quicksilver dragons
  27 Orb Guardians
  2 deep elf master archers (Elf:3)
  Frances (Shoals:2)
  Polyphemus (Shoals:3)
  8 death cobs
  6 sphinxes
  3 Executioners
  2 krakens (Shoals:3)
  Kirke (Lair:4)
  The ghost of Philosophunculist the Warrior, an adept MiBe of Trog (Shoals:4)
  9 shadow dragons
  13 storm dragons
  A tentacled starspawn (Abyss:1)
  14 tengu reavers
  2 daevas (Depths:3)
  14 draconian monks
  9 nagarajas
  Ilsuiw (Shoals:2)
  16 fire giants
  18 frost giants
  4 cacodemons
  2 iron dragons
  A balrug (Zot:5)
  A ghost moth (Zot:4)
  The ghost of Ratty the Grim Reaper, a journeyman MiFi of Yredelemnul (Shoals:4)
  8 draconian knights
  Aizul (Shoals:2)
  Louise (Shoals:4)
  7 draconian scorchers
  An orc warlord (Orc:1)
  10 deep elf sorcerers
  13 vault wardens
  8 deep elf elementalists
  4 draconian stormcallers
  10 draconian shifters
  7 draconian annihilators
  8 ironheart preservers
  3 spriggan defenders (Depths:4)
  29 stone giants
  25 very ugly things
  An entropy weaver (Vaults:2)
  4 war gargoyles
  4 vampire knights
  The ghost of Error4North the Blocker, a journeyman MiFi of Okawaru (Lair:4)
  9 red draconians
  8 deep elf demonologists
  13 yellow draconians
  12 green draconians
  5 spark wasps
  2 minotaurs
  15 white draconians
  10 purple draconians
  12 deep elf annihilators
  12 black draconians
  14 ettins
  3 blizzard demons
  Snorg (Lair:5)
  20 fire dragons
  5 merfolk javelineers
  8 deep elf death magi
  A green death (Depths:4)
  4 merfolk impalers
  Harold (Lair:1)
  7 deep elf high priests
  12 great orbs of eyes
  17 yaktaur captains
  3 jiangshi (Depths:1)
  A great orb of eyes (shapeshifter) (Vaults:5)
  The ghost of bmj180 the Destroyer, a journeyman DrCj of Vehumet (D:12)
  2 hell beasts
  Erolcha (D:9)
  4 catoblepae
  14 ice dragons
  4 spriggan air magi
  17 naga warriors
  Fannar (D:12)
  35 vault guards
  6 rakshasas
  11 anacondas
  10 hydras
  9 centaur warriors
  3 merfolk avatars
  2 merfolk aquamancers
  3 satyrs
  3 death knights
  44 two-headed ogres
  31 dancing weapons
  10 ogre magi
  3 deep troll earth magi
  An alligator snapping turtle (Shoals:4)
  10 deep troll shamans
  16 death yaks
  3 orc high priests (Orc:2)
  8 tengu warriors
  5 vampire magi
  A titan zombie (Depths:4)
  4 shock serpents
  26 deep elf knights
  14 naga sharpshooters
  7 spriggan berserkers
  2 hell knights (Depths:3)
  A sun demon (Zot:5)
  6 iron trolls
  2 soul eaters
  2 wretched stars (Abyss:1)
  2 sixfirhies
  A shadow wraith (Vaults:5)
  21 deep trolls
  An infernal demonspawn (Depths:4)
  3 salamander mystics
  6 wizards
  14 sea snakes
  A death drake (shapeshifter) (Depths:3)
  9 skeletal warriors
  5 flayed ghosts
  9 naga ritualists
  6 unseen horrors
  13 deep elf archers
  An obsidian statue (Zot:5)
  15 ironbrand convokers
  19 harpies
  3 glowing orange brains
  10 orc knights
  4 phantasmal warriors (Vaults:5)
  A wolf spider (shapeshifter) (Vaults:5)
  2 necromancers
  2 lindwurms (Volcano)
  17 salamanders
  A shadow dragon skeleton (Depths:4)
  An orb spider (shapeshifter) (Depths:5)
  36 ugly things
  A faun (shapeshifter) (Depths:3)
  A tengu zombie (Depths:4)
  A wolf spider (Vaults:5)
  A shining eye (Snake:1)
  68 deep elf magi
  7 orc sorcerers
  5 mana vipers
  25 moths of wrath
  7 cyclopes
  8 fauns
  A worldbinder (Abyss:1)
  A centaur zombie (D:15)
  21 manticores
  A sphinx skeleton (Vaults:5)
  2 cyclopes (shapeshifter)
  A toenail golem (Volcano)
  2 guardian serpents (shapeshifter)
  13 elephants
  A water nymph (shapeshifter) (Vaults:5)
  A fire giant skeleton (Vaults:5)
  A frost giant skeleton (Depths:4)
  A rust devil (Depths:1)
  11 merfolk sirens
  4 guardian serpents
  15 vault sentinels
  An apocalypse crab (Abyss:1)
  26 naga magi
  6 water nymphs
  32 black mambas
  An ice statue (IceCv)
  2 smoke demons
  5 spiny frogs
  2 gargoyles
  An eye of devastation (Lair:5)
  2 torpor snails
  Joseph (D:8)
  2 spiny frogs (shapeshifter) (Vaults:2)
  Maggie (D:8)
  2 kobold demonologists
  4 rime drakes
  A rime drake (shapeshifter) (Snake:1)
  8 ice devils
  2 efreet (Volcano)
  4 komodo dragons
  56 yaktaurs
  A hellion (Zot:4)
  2 tengu conjurers
  A komodo dragon (shapeshifter) (Vaults:1)
  A tormentor (D:15)
  10 freezing wraiths
  A yaktaur (shapeshifter) (Vaults:1)
  4 anaconda simulacra (IceCv)
  A yaktaur skeleton (Vaults:5)
  4 hellwings
  2 golden dragon simulacra (IceCv)
  A troll (shapeshifter) (Depths:4)
  A merfolk (shapeshifter) (Depths:3)
  10 trolls
  4 red devils
  3 meliai (Shoals:4)
  3 polar bears (shapeshifter)
  A polar bear (Lair:5)
  2 meliai (shapeshifter)
  7 wind drakes
  25 merfolk
  A raiju (shapeshifter) (Vaults:3)
  3 hornets
  26 blink frogs
  15 dream sheep
  2 raiju (Abyss:1)
  A stone giant simulacrum (Vaults:1)
  6 snapping turtles
  11 hippogriffs
  A meliai zombie (D:15)
  10 slime creatures
  5 centaur simulacra
  A flying skull (Abyss:1)
  Sigmund (D:5)
  2 redbacks (Vaults:2)
  4 air elementals
  5 spriggans
  A vampire (D:14)
  A spriggan (shapeshifter) (Vaults:1)
  2 ynoxinuls (Abyss:1)
  A hog (shapeshifter) (Vaults:1)
  2 wraiths
  13 yaks
  A tarantella (shapeshifter) (Depths:2)
  16 water elementals
  3 dire elephant simulacra (IceCv)
  Eustachio (D:5)
  4 basilisks
  2 wyverns
  A hog (Lair:4)
  2 hungry ghosts
  4 fire elementals (Volcano)
  10 vampire mosquitoes
  6 large abominations
  3 neqoxecs
  3 iron troll simulacra (IceCv)
  A warg (shapeshifter) (Vaults:3)
  Edmund (D:6)
  53 nagas
  A warg (Orc:2)
  3 harpy simulacra (IceCv)
  3 acid dragons
  8 hell hounds
  3 hydra simulacra (IceCv)
  13 water moccasins
  A soldier ant (shapeshifter) (Vaults:1)
  A floating eye (shapeshifter) (Depths:3)
  A swamp worm (shapeshifter) (Vaults:1)
  12 porcupines
  37 orc warriors
  7 ice beasts
  2 black bears (shapeshifter)
  6 black bears
  5 boggarts
  29 ogres
  3 phantoms
  3 sky beasts
  A hornet zombie (D:14)
  An eye of draining (Lair:5)
  12 wolves
  An ettin simulacrum (IceCv)
  A necrophage (D:14)
  13 centaurs
  7 crocodiles
  3 small abominations
  18 bullfrogs
  6 earth elementals
  8 killer bees
  4 wyvern skeletons
  A scorpion (D:13)
  An elephant simulacrum (IceCv)
  14 wights
  5 howler monkeys
  A howler monkey (shapeshifter) (Depths:3)
  8 electric eels
  A lava snake (Snake:3)
  8 crimson imps
  4 bullfrog zombies
  A wyvern simulacrum (D:14)
  4 draconian simulacra (IceCv)
  6 hounds
  6 jellies
  18 orc priests
  A quasit (D:10)
  2 bullfrog skeletons
  A gnoll shaman (D:10)
  7 centaur skeletons
  19 orc wizards
  An iron imp (Zot:4)
  6 iguanas
  5 worker ants
  2 polar bear simulacra (IceCv)
  3 troll simulacra (IceCv)
  3 spriggan simulacra
  A killer bee zombie (D:10)
  A hound skeleton (D:7)
  A mummy (D:9)
  A worker ant zombie (D:6)
  15 gnolls
  An ogre simulacrum (IceCv)
  16 adders
  4 naga simulacra (IceCv)
  A river rat (D:4)
  3 shadow imps
  12 white imps
  3 ufetubi (IceCv)
  An ooze (D:2)
  An adder zombie (D:10)
  4 worms
  A dart slug (D:1)
  8 leopard geckos
  64 orcs
  6 giant cockroaches
  13 goblins
  6 hobgoblins (D:1)
  4 jackals
  8 kobolds
  3 quokkas
  3 ball pythons
  8 bats
  5 frilled lizards
  A giant cockroach zombie (D:5)
  A jackal skeleton (D:5)
  A jackal zombie (D:6)
  2 leopard gecko skeletons (D:4)
  A quokka skeleton (D:5)
  8 rats
  2 bushes (Depths:5)
  A fire vortex (Volcano)
  5 fungi
  4 plants
  8 tentacles (Shoals:3)
2353 creatures vanquished.

Vanquished Creatures (collateral kills)
  A green draconian (Zot:4)
  2 white draconians (Zot:4)
3 creatures vanquished.

Vanquished Creatures (others)
  A death cob (Zot:4)
  A naga mage (Snake:4)
  A rime drake (Lair:6)
  A killer bee (D:12)
  A bush (Depths:5)
  2 fire vortices (Volcano)
  28 fungi
  19 plants
  2 starspawn tentacles (Abyss:1)
  13 tentacles (Shoals:3)
69 creatures vanquished.

Grand Total: 2425 creatures vanquished

Levels and vault maps discovered:
D:1:      minmay_arrival_three_doors, layout_loops_ring
D:2:      layout_basic, kennysheep_generic_room_16
D:3:      layout_basic
D:4:      cheibrodos_quashed, layout_loops_cross,
          chequers_temple_overflow_statue_of_worship, serial_shops,
          nicolae_shop_overgrown_old_shop, nicolae_shop_statue_plus,
          shop_statue, portal_sewer_entry_b, nicolae_ru_path_of_blood
D:5:      layout_gridville, serial_shops, nicolae_shop_statue_plus,
          first_ration, minmay_lizard_king, uniq_sigmund, uniq_eustachio
D:6:      layout_loops_cross, uniq_edmund
D:7:      layout_basic, temple_green, serial_rivers,
          chequers_serial_rivers_small_3, chequers_serial_rivers_micro_a,
          chequers_serial_rivers_small_b, chequers_serial_rivers_micro_c,
          chequers_serial_rivers_marsh, chequers_serial_rivers_marsh,
          okawaru_metal_pillars_1_2
D:8:      layout_loops_corners, minitemple, minivault_24, the_bakery,
          uniq_joseph, uniq_maggie
D:9:      layout_rooms, slow_altar_1, orc_david_3, serial_curves,
          eino_curves_01, eino_curves_02, eino_curves_04, uniq_erolcha
D:10:     layout_grid_maze, basic_altar
D:11:     layout_basic, due_lair_maze_entry_diamond, serial_shops,
          bzr_entry_gold, shop_statue, nicolae_shop_overgrown_old_shop,
          shop_fountains
D:12:     layout_loops_ring, gammafunk_ghost_smash, gauntlet_entry_generic,
          minmay_misc_feat_x, uniq_fannar
D:13:     layout_grid_maze, david_vaults_4
D:14:     layout_irregular_city, serial_ice, serial_ice_h, serial_ice_l,
          serial_ice_n, serial_ice_b, serial_ice_e, serial_ice_d, uniq_rupert
D:15:     grunt_enter_depths_magical_seal, layout_basic,
          hangedman_decor_riveting, drop_trap
Lair:1:   layout_roguey, grunt_megastairs_1, uniq_harold
Lair:2:   cheibrodos_lair_river_kwai, layout_concentric_octagons
Lair:3:   layout_hall_layers, elwin_shoals_entry_rocks,
          hangedman_lair_generics_rect
Lair:4:   layout_cave_pods, minmay_snake_entry_six_corridors,
          ebering_ghost_inner_flame
Lair:5:   layout_regular_city, minmay_slime_entry_eyes, grunt_megastairs_3,
          uniq_kirke, uniq_snorg
Lair:6:   grunt_lair_end_beastmaster, layout_cave_pods, grunt_megastairs_5
Shoals:1: layout_shoals, portal_ice_cave_entry_pillars_2
Shoals:2: layout_shoals, serial_shops, shop, uniq_aizul, uniq_frances,
          uniq_ilsuiw, uniq_roxanne
Shoals:3: layout_shoals, serial_shops, shop, nicolae_shop_window_shopping, shop,
          shop, shop, uniq_polyphemus
Shoals:4: shoals_end_hangedman, layout_shoals, gammafunk_ghost_cemetery,
          regret_index_shoals_crete, uniq_louise
Snake:1:  layout_layer_cave, serial_shops, shop
Snake:2:  layout_misc_corridors, grunt_megastairs_2
Snake:3:  layout_onion, nicolae_snake_lava_pool
Snake:4:  snake_pit, layout_cave_town, serial_bayou_shore_a
Orc:1:    layout_caves, enter_volcano_2
Orc:2:    grunt_orc_gardens, layout_diamond_mine, grunt_orc_garden,
          grunt_orc_garden, grunt_orc_garden, grunt_orc_garden
Elf:1:    eino_elf_arrival_sip, layout_loops_corners, hangedman_elf_disciples,
          grunt_ministairs_1
Elf:2:    layout_loops_cross, drop_trap, grunt_ministairs_1, minivault_19
Elf:3:    minmay_elf_hall_four_x, layout_geoelf_castle, serial_shops,
          bzr_entry_safe, st_stairs_8
Vaults:1: ploomutoo_gammafunk_vaults_ghost_potion_laboratory,
          vaults_room_hangedman_quadrants, vaults_room_fancy_cross,
          vaults_room_stairs_pillars, nicolae_vaults_network_star,
          vaults_dpeg_cross, ontoclasm_vaults_ring_small,
          nicolae_vaults_what_the_h, nicolae_vaults_little_squares_6,
          nicolae_vaults_angled_halls, layout_vaults_omnigrid, serial_shops,
          shop
Vaults:2: v_misc_12, nicolae_vaults_big_angled_halls, vaults_mumra_minichess,
          v_misc_9, nicolae_vaults_ninety_degrees, v_rooms_1,
          nicolae_vaults_ring_of_whatevers, vaults_room_stairs_pillars,
          v_misc_16, grunt_vaults_twisty, v_alt_pattern_4, vaults_dpeg_hooks,
          layout_vaults_maze_bifur
Vaults:3: v_misc_1, minmay_crypt_entry_simple_walls, hangedman_vaults_impose,
          v_pattern_4, vaults_room_guarded_vault,
          nicolae_vaults_little_squares_4, nicolae_vaults_ring_of_whatevers,
          v_misc_22, nicolae_vaults_windows_and_doors_thing,
          ontoclasm_vaults_chip, hangedman_vaults_trim, v_misc_28,
          v_alt_pattern_4, layout_vaults_big_cross
Vaults:4: nicolae_vaults_network_barrier, v_misc_4,
          ontoclasm_vaults_decontamination, nicolae_vaults_shelves_hall,
          hangedman_vaults_nails, vaults_room_grunt_arrival_checkpoint,
          v_misc_17, nicolae_vaults_alarming, grunt_vaults_swirl,
          layout_vaults_big_room, serial_shops, shop
Vaults:5
Depths:1: layout_roguey, grunt_mini_vestibule, serial_glass, glass_columns_b,
          glass_columns_b, minmay_strange_pillars, item_on_display_a,
          item_on_display_b, due_unseen_surprise, enter_trove_3,
          minmay_fractal_squares_gapless_7, uniq_sojobo
Depths:2: minmay_triangles_in_corner, layout_gridlike, pan_entry,
          eino_curves_04, grunt_hell_entry_dis_grunt, minmay_shop_grove,
          infiniplex_staircase_split_hallway
Depths:3: hangedman_box_tower, layout_small_grid, enter_ziggurat_c, pan_entry,
          serial_sigils_hangedman_etch, hell_entry, lightli_corner_chamber,
          infiniplex_staircase_zigzag_5, serial_bayou_shore_b
Depths:4: regret_index_uskayaw_diablada_macabre, layout_basic,
          rand_demon_pan_entry_7, hell_entry, abyss_entry, grunt_decor_fettered,
          infiniplex_staircase_star, uniq_enchantress
Depths:5: grunt_zot_entry_tricorne, layout_cave_pools, abyss_entry,
          pf_hell_entry_great_geh, minmay_hedge_maze, drop_trap,
          hangedman_decor_points
Zot:1:    layout_gridlike
Zot:2:    layout_concentric_octagons, grunt_ministairs_2
Zot:3:    layout_basic, st_stairs_14, nrook_zot_tub
Zot:4:    regret_index_qazlal_generations, layout_misc_corridors
Zot:5:    layout_gridlike


Message History

There is a stone staircase leading up here.
You climb upwards.
There is a stone staircase leading down here.
You feel like a meek peon again.
There is a stone staircase leading up here.
You climb upwards.
There is a stone staircase leading down here.
Magic restored.
HP restored.
Your hands slow down.
An Orb Guardian comes into view.
The Orb Guardian moves out of view.
There is a stone staircase leading up here.
You climb upwards.
There is a stone staircase leading down here.
You see here a +0 club.
As you open the door, it creaks loudly!
There is an open door here.
There is a staircase leading out of the dungeon here.
You have escaped!

Notes
Turn   | Place    | Note
-------+----------+-------------------------------------------
     0 | D:1      | bmfx the Ghoul Air Elementalist began the quest for the
                  | Orb.
     0 | D:1      | Reached XP level 1. HP: 14/14 MP: 2/2
   114 | D:1      | Reached skill level 1 in Unarmed Combat
   302 | D:1      | Reached XP level 2. HP: 20/20 MP: 1/3
   956 | D:1      | Reached XP level 3. HP: 26/26 MP: 1/4
  2381 | D:2      | Reached XP level 4. HP: 31/33 MP: 3/5
  3709 | D:4      | Found an iron altar of Okawaru.
  3711 | D:4      | Found a hazy altar of Hepliaklqana.
  3719 | D:4      | Became a worshipper of Warmaster Okawaru
  3753 | D:4      | Reached skill level 1 in Fighting
  3768 | D:4      | Found a glowing drain.
  3781 | Sewer    | Entered a sewer
  3798 | Sewer    | Noticed Purgy
  4196 | D:4      | Reached XP level 5. HP: 24/41 MP: 6/6
  4337 | D:4      | Found Cawy's Antique Weapon Boutique.
  4454 | D:4      | Found Keowk's Book Shoppe.
  4654 | D:4      | Found Vutimamu's Antique Weapon Shop.
  4667 | D:4      | Found a sacrificial altar of Ru.
  4869 | D:5      | Entered Level 5 of the Dungeon
  5079 | D:4      | Bought a glimmering war axe for 212 gold pieces
  5079 | D:4      | Identified the +6 war axe "Hinulega" {speed, rElec rPois
                  | Stlth+} (You bought it in a shop on level 4 of the Dungeon)
  5204 | D:5      | Reached skill level 1 in Axes
  5204 | D:5      | Reached XP level 6. HP: 39/51 MP: 7/7
  5295 | D:5      | Noticed Sigmund
  5339 | D:5      | Found Setaof's Jewellery Boutique.
  5472 | D:5      | Noticed Eustachio
  5572 | D:5      | Reached * piety under Okawaru
  5821 | D:6      | Noticed an ice beast
  5827 | D:6      | Noticed Edmund
  5834 | D:6      | Killed an ice beast
  5834 | D:6      | Reached skill level 1 in Evocations
  5834 | D:6      | Reached XP level 7. HP: 33/57 MP: 5/8
  6072 | D:6      | Killed Edmund
  6186 | D:6      | Reached ** piety under Okawaru
  6344 | D:6      | Reached XP level 8. HP: 63/63 MP: 6/9
  6361 | D:6      | Reached skill level 5 in Axes
  7007 | D:7      | Found an iron altar of Okawaru.
  7029 | D:7      | Found a staircase to the Ecumenical Temple.
  7511 | D:7      | Reached skill level 1 in Armour
  7596 | D:7      | Reached XP level 9. HP: 51/69 MP: 8/11
  7766 | D:7      | Reached skill level 2 in Armour
  8428 | D:8      | Reached *** piety under Okawaru
  8610 | D:8      | Found a shimmering altar of Xom.
  8617 | D:8      | Found an ornate altar of the Wu Jian Council.
  8617 | D:8      | Found a sacrificial altar of Ru.
  8617 | D:8      | Found a stormy altar of Qazlal.
  8617 | D:8      | Found a sparkling altar of Nemelex Xobeh.
  8724 | D:8      | Reached skill level 1 in Shields
  8857 | D:8      | Noticed Joseph
  8873 | D:8      | Killed Joseph
  8989 | D:8      | Noticed Maggie
  8999 | D:8      | Killed Maggie
  9314 | D:8      | Reached **** piety under Okawaru
  9330 | D:8      | Reached skill level 3 in Armour
  9713 | D:9      | Found Meatzeta's Weapon Shoppe.
  9733 | D:9      | Reached XP level 10. HP: 78/78 MP: 10/12
  9739 | D:9      | Reached skill level 4 in Armour
  9756 | D:9      | Found a snail-covered altar of Cheibriados.
  9908 | D:9      | Noticed Erolcha
  9959 | D:9      | Killed Erolcha
 10117 | D:9      | Noticed a two-headed ogre
 10352 | D:9      | Found a staircase to the Orcish Mines.
 10352 | D:9      | Found Gikes's Armour Shoppe.
 10858 | D:5      | Killed Eustachio
 10917 | D:5      | Killed Sigmund
 10917 | D:5      | Reached skill level 10 in Axes
 11097 | D:10     | Entered Level 10 of the Dungeon
 11116 | D:10     | Reached ***** piety under Okawaru
 11467 | D:10     | Noticed a two-headed ogre
 11492 | D:10     | Killed a two-headed ogre
 11492 | D:10     | Received a gift from Okawaru
 11492 | D:10     | Received a gift from Okawaru
 11773 | D:10     | Reached XP level 11. HP: 83/83 MP: 13/13
 11898 | D:10     | Found a sacrificial altar of Ru.
 12640 | D:11     | Found Qien's Armour Emporium.
 12651 | D:11     | Found Orouck's Antique Weapon Emporium.
 12676 | D:11     | Found Dyik's Antique Armour Shop.
 12774 | D:11     | Found a staircase to the Lair.
 12892 | D:11     | Reached skill level 5 in Evocations
 12902 | D:11     | Found a flickering gateway to a bazaar.
 12919 | Bazaar   | Entered a bazaar
 12950 | Bazaar   | Found Mintoyv's Jewellery Boutique.
 12968 | Bazaar   | Found Nohyfaed's Antique Weapon Emporium.
 12985 | Bazaar   | Found Bogreog's Book Boutique.
 13002 | Bazaar   | Found Leatz's Antique Armour Shoppe.
 13028 | Bazaar   | Bought a +4 ring of protection for 360 gold pieces
 13028 | Bazaar   | Bought an uncursed ring of see invisible for 150 gold
                  | pieces
 13077 | D:11     | Identified a scroll of acquirement
 13574 | D:11     | Noticed a white ugly thing
 13591 | D:11     | Killed a brown ugly thing
 13811 | Lair:1   | Entered Level 1 of the Lair of Beasts
 14068 | Lair:1   | Reached skill level 5 in Armour
 14251 | Lair:1   | Noticed Harold
 14274 | Lair:1   | Killed Harold
 14274 | Lair:1   | Reached skill level 6 in Armour
 14553 | Lair:1   | Got a fading hand axe
 14554 | Lair:1   | Identified the +3 hand axe of Patterns {drain, rElec rPois}
                  | (You found it on level 1 of the Lair of Beasts)
 14821 | Lair:2   | Reached skill level 7 in Armour
 15076 | Lair:2   | Reached XP level 12. HP: 89/91 MP: 12/15
 15433 | Lair:2   | Reached skill level 8 in Armour
 15435 | Lair:2   | Received a gift from Okawaru
 15758 | Lair:3   | Reached skill level 5 in Shields
 15821 | Lair:3   | Found a staircase to the Shoals.
 16022 | Lair:3   | You fall into a shaft and drop 2 floors!
 16107 | Lair:5   | Found a staircase to the Slime Pits.
 16206 | Lair:5   | Noticed an eight-headed hydra
 16215 | Lair:5   | Killed an eight-headed hydra
 16215 | Lair:5   | Received a gift from Okawaru
 16274 | Lair:4   | Found a staircase to the Snake Pit.
 16388 | Lair:4   | Reached ****** piety under Okawaru
 16443 | Lair:3   | Received a gift from Okawaru
 16648 | Lair:3   | Noticed a five-headed hydra
 16650 | Lair:3   | Reached skill level 5 in Fighting
 16651 | Lair:3   | Killed a five-headed hydra
 17055 | Lair:4   | Found a runed translucent door.
 17058 | Lair:4   | Noticed Error4North's ghost (journeyman MiFi)
 17515 | Lair:4   | Reached XP level 13. HP: 95/107 MP: 16/16
 17759 | Lair:4   | Received a gift from Okawaru
 17762 | Lair:4   | Got a pair of spiked gloves {god gift}
 17773 | Lair:4   | Identified the +1 pair of gloves "Lishrousti" {god gift,
                  | rN+ Regen+ Str-4 Int+4} (Okawaru gifted it to you on level
                  | 4 of the Lair of Beasts)
 18079 | Lair:5   | Reached skill level 5 in Invocations
 18305 | Lair:5   | Reached skill level 1 in Throwing
 18315 | Lair:5   | Noticed Kirke
 18337 | Lair:4   | Killed Kirke
 18590 | Lair:5   | Noticed Snorg
 18616 | Lair:5   | Killed Snorg
 18870 | D:11     | Bought a pair of distressingly furry boots for 304 gold
                  | pieces
 18875 | D:11     | Identified the +0 pair of boots of Untruth {MR++ Str-4}
                  | (You bought it in a shop on level 11 of the Dungeon)
 19271 | Lair:6   | Entered Level 6 of the Lair of Beasts
 19362 | Lair:6   | Received a gift from Okawaru
 19523 | Lair:6   | Got a scorched hunting sling
 19539 | Lair:6   | Reached skill level 5 in Throwing
 19830 | Lair:6   | Reached XP level 14. HP: 84/115 MP: 10/17
 20000 | Lair:6   | Received a gift from Okawaru
 20052 | Lair:6   | Got a faintly glowing plate armour {god gift}
 20063 | Lair:6   | Identified the +1 plate armour of Gestures {god gift, rC-
                  | Str+3 Dex+2} (Okawaru gifted it to you on level 6 of the
                  | Lair of Beasts)
 21163 | D:11     | Bought a pair of runed gloves for 240 gold pieces
 21163 | D:11     | Bought a pair of runed boots for 240 gold pieces
 21263 | D:12     | Found a gate leading to a gauntlet.
 21309 | Gauntlet | Entered a Gauntlet
 21309 | Gauntlet | Found a transporter.
 21309 | Gauntlet | Found a transporter.
 21309 | Gauntlet | Found a transporter.
 21309 | Gauntlet | Found a transporter.
 21320 | Gauntlet | Found a transporter.
 21320 | Gauntlet | Found a transporter.
 21322 | Gauntlet | Found a large runed translucent door.
 21323 | Gauntlet | Found a large runed translucent door.
 21324 | Gauntlet | Found a large runed translucent door.
 21324 | Gauntlet | Found a large runed translucent door.
 21324 | Gauntlet | Found a runed translucent door.
 21325 | Gauntlet | Found a large runed translucent door.
 21326 | Gauntlet | Found a large runed translucent door.
 21327 | Gauntlet | Found a large runed translucent door.
 21327 | Gauntlet | Found a large runed translucent door.
 21328 | Gauntlet | Found a runed translucent gate.
 21330 | Gauntlet | Found a transporter.
 21334 | Gauntlet | Found a transporter.
 21346 | Gauntlet | Found a transporter.
 21437 | Gauntlet | Found a large runed translucent door.
 21438 | Gauntlet | Found a large runed translucent door.
 21439 | Gauntlet | Found a large runed translucent door.
 21439 | Gauntlet | Found a large runed translucent door.
 21439 | Gauntlet | Found a runed translucent door.
 21440 | Gauntlet | Found a large runed translucent door.
 21441 | Gauntlet | Found a large runed translucent door.
 21442 | Gauntlet | Found a large runed translucent door.
 21442 | Gauntlet | Found a large runed translucent door.
 21443 | Gauntlet | Found a runed translucent gate.
 21443 | Gauntlet | Found a runed translucent gate.
 21445 | Gauntlet | Found a transporter.
 21449 | Gauntlet | Found a transporter.
 21461 | Gauntlet | Found a transporter.
 21517 | Gauntlet | Reached skill level 15 in Axes
 21612 | Gauntlet | Got a buzzing cloak
 21626 | Gauntlet | Identified the +1 cloak of Amelioration {rF+ Str+4 Dex+3
                  | Slay-3} (You found it in a Gauntlet)
 21690 | Gauntlet | Identified the +3 leather armour of a Thousand Nightmares
                  | {*Slow rElec MP+9 Str-2} (You found it in a Gauntlet)
 21691 | Gauntlet | Identified the +10 hunting sling of Grace {flame, Int+4}
                  | (You found it on level 6 of the Lair of Beasts)
 21735 | D:12     | Received a gift from Okawaru
 21845 | D:12     | Noticed Fannar
 21860 | D:12     | Killed Fannar
 22180 | D:12     | Noticed bmj180's ghost (journeyman DrCj)
 22183 | D:12     | Identified the cursed +0 great mace "Worm's Wrath" {freeze,
                  | Dex+2}
 22183 | D:12     | Noticed a frost giant
 22184 | D:12     | Found a transporter.
 22185 | D:12     | Found a transporter.
 22583 | D:13     | Received a gift from Okawaru
 22601 | D:13     | Reached skill level 5 in Dodging
 22954 | D:13     | Received a gift from Okawaru
 23437 | D:13     | Reached XP level 15. HP: 101/121 MP: 18/18
 23504 | D:13     | Found a gate to the Vaults.
 23720 | D:13     | Received a gift from Okawaru
 24094 | D:14     | Received a gift from Okawaru
 24117 | D:14     | Got a pair of twisted boots {god gift}
 24128 | D:14     | Identified the +0 pair of boots of the Cockatrice {god
                  | gift, Int+2} (Okawaru gifted it to you on level 14 of the
                  | Dungeon)
 24684 | D:14     | Noticed Rupert
 24695 | D:14     | Paralysed by Rupert for 5 turns
 24713 | D:14     | Killed Rupert
 25080 | D:15     | Entered Level 15 of the Dungeon
 25278 | D:15     | Received a gift from Okawaru
 25671 | D:15     | Received a gift from Okawaru
 25672 | D:15     | Got a pitted broad axe {god gift}
 25673 | D:15     | Identified the +8 broad axe "Haqim" {god gift, vorpal, MR+}
                  | (Okawaru gifted it to you on level 15 of the Dungeon)
 26058 | D:15     | Found a staircase to the Depths.
 26078 | D:15     | Received a gift from Okawaru
 26078 | D:15     | Reached XP level 16. HP: 112/128 MP: 19/19
 26080 | D:15     | Got a smelly plate armour {god gift}
 26091 | D:15     | Identified the +1 plate armour of Prudence {god gift, rElec
                  | MP+9} (Okawaru gifted it to you on level 15 of the Dungeon)
 26645 | Lair:4   | Killed Error4North's ghost
 26846 | D:12     | Killed bmj180's ghost
 26993 | Orc:1    | Entered Level 1 of the Orcish Mines
 27021 | Orc:1    | Found a dark tunnel.
 27027 | Volcano  | Entered a volcano
 27521 | Orc:2    | Entered Level 2 of the Orcish Mines
 28322 | Orc:2    | Reached skill level 9 in Armour
 28379 | Orc:2    | Received a gift from Okawaru
 28441 | Orc:2    | Got a pair of translucent boots {god gift}
 28452 | Orc:2    | Identified the +0 pair of boots of Unambiguity {god gift,
                  | MR+ Dex+9} (Okawaru gifted it to you on level 2 of the
                  | Orcish Mines)
 28460 | Orc:2    | Found Ylireeco's Antique Armour Boutique.
 28460 | Orc:2    | Found Vauframn's Book Shoppe.
 28732 | Orc:2    | Found Milaxzer's General Store.
 28740 | Orc:2    | Bought the +8 chain mail "Munifoh" {rC+++ rCorr Dex-4
                  | Stlth+} for 1038 gold pieces
 28740 | Orc:2    | Bought a scroll of fog for 24 gold pieces
 28751 | Orc:2    | Found a staircase to the Elven Halls.
 28845 | Orc:2    | Found Katot's Antique Weapon Emporium.
 29156 | Snake:1  | Entered Level 1 of the Snake Pit
 29353 | Snake:1  | Cast into level 1 of the Abyss (naga)
 29355 | Abyss:1  | Noticed an Executioner
 29374 | Abyss:1  | Killed an Executioner
 29374 | Abyss:1  | Reached skill level 10 in Armour
 29385 | Abyss:1  | Noticed a tentacled starspawn
 29395 | Abyss:1  | Killed a tentacled starspawn
 29896 | Abyss:1  | Noticed a bone dragon
 29930 | Abyss:1  | Killed a bone dragon
 29930 | Abyss:1  | Reached skill level 11 in Armour
 30011 | Snake:1  | Escaped the Abyss
 30193 | Snake:1  | Reached XP level 17. HP: 99/132 MP: 16/20
 30542 | Snake:1  | Reached skill level 12 in Armour
 31509 | Snake:1  | Received a gift from Okawaru
 31672 | Snake:1  | Found Qegigeydwu's Distillery.
 32272 | Snake:2  | Received a gift from Okawaru
 32278 | Snake:2  | Reached skill level 10 in Shields
 32377 | Snake:2  | Received a gift from Okawaru
 32465 | Snake:2  | Received a gift from Okawaru
 33559 | Snake:3  | Received a gift from Okawaru
 34162 | Snake:4  | Entered Level 4 of the Snake Pit
 34171 | Snake:4  | Reached XP level 18. HP: 134/146 MP: 19/21
 34173 | Snake:4  | Received a gift from Okawaru
 34398 | Snake:4  | Identified the cursed +2 great sword "Wannosma" {freeze,
                  | *Slow rF+ rN+ SInv}
 34408 | Snake:4  | Reached skill level 10 in Fighting
 34604 | Snake:4  | Received a gift from Okawaru
 35079 | Snake:4  | Received a gift from Okawaru
 35244 | Snake:4  | Reached skill level 10 in Dodging
 35383 | Snake:4  | Got a serpentine rune of Zot
 35716 | Shoals:1 | Entered Level 1 of the Shoals
 35755 | Shoals:1 | Found a frozen archway.
 35764 | IceCv    | Entered an ice cave
 36620 | IceCv    | Noticed an Ice Fiend
 36653 | IceCv    | Killed an Ice Fiend
 36653 | IceCv    | Received a gift from Okawaru
 36695 | IceCv    | Got a pair of distressingly furry boots
 37222 | Shoals:1 | Identified the cursed -4 pair of boots of the Snail {rC+
                  | Int+2} (You found it in an ice cave)
 37674 | Shoals:2 | Noticed Roxanne
 37728 | Shoals:2 | Noticed Frances
 37741 | Shoals:2 | Killed Frances
 37741 | Shoals:2 | Received a gift from Okawaru
 37741 | Shoals:2 | Reached XP level 19. HP: 160/160 MP: 16/23
 37804 | Shoals:2 | Noticed Aizul
 37825 | Shoals:2 | Killed Aizul
 37905 | Shoals:2 | Noticed Ilsuiw
 37909 | Shoals:2 | Found Alyilim's Book Boutique.
 37916 | Shoals:2 | Killed Ilsuiw
 38008 | Shoals:2 | Got a jewelled chain mail
 38458 | Shoals:3 | Found Jueth's Armour Boutique.
 38782 | Shoals:3 | Found Zeloy's Assorted Antiques.
 38843 | Shoals:3 | Bought a scroll of fog for 60 gold pieces
 38843 | Shoals:3 | Bought a potion of heal wounds for 150 gold pieces
 38878 | Shoals:3 | Found Taaseph's Antique Weapon Emporium.
 38906 | Shoals:3 | Reached skill level 13 in Armour
 38922 | Shoals:3 | Found Qouco's Jewellery Emporium.
 38922 | Shoals:3 | Noticed Polyphemus
 38948 | Shoals:3 | Killed Polyphemus
 38948 | Shoals:3 | Received a gift from Okawaru
 38992 | Shoals:3 | Found Era Xyce's Book Shoppe.
 39314 | Shoals:4 | Entered Level 4 of the Shoals
 39526 | Shoals:4 | Got a twitching platinum ring
 39528 | Shoals:4 | Identified the ring "Weriz" {*Corrode rElec rF+ Dex+3 SInv}
                  | (You found it on level 4 of the Shoals)
 39921 | Shoals:4 | Found a runed translucent gate.
 39921 | Shoals:4 | Found a runed translucent gate.
 39921 | Shoals:4 | Found a runed translucent gate.
 39921 | Shoals:4 | Noticed Philosophunculist's ghost (adept MiBe)
 39921 | Shoals:4 | Noticed Ratty's ghost (journeyman MiFi)
 40074 | Shoals:4 | Noticed Louise
 40083 | Shoals:4 | Killed Louise
 40126 | Shoals:4 | Received a gift from Okawaru
 40154 | Shoals:4 | Found a hide-covered altar of Uskayaw.
 40217 | Shoals:4 | Reached skill level 10 in Invocations
 40357 | Shoals:4 | Identified the +1 fustibalus "Kecloi" {vorpal, rN+} (You
                  | found it on level 4 of the Shoals)
 40368 | Shoals:4 | Identified the cursed +0 chain mail of Tuymo {rElec} (You
                  | found it on level 2 of the Shoals)
 40594 | Shoals:4 | Received a gift from Okawaru
 40804 | Shoals:4 | Got a heavily runed plate armour
 40851 | Shoals:4 | Got a barnacled rune of Zot
 41086 | Shoals:4 | Identified the +5 plate armour of Rishrorar {*Slow rC-
                  | Str+5 Int+4} (You found it on level 4 of the Shoals)
 41381 | Elf:1    | Entered Level 1 of the Elven Halls
 41529 | Elf:1    | Reached XP level 20. HP: 104/168 MP: 19/26
 41635 | Elf:1    | Reached skill level 10 in Evocations
 41640 | Elf:1    | Reached skill level 14 in Armour
 42652 | Elf:1    | You fall into a shaft and drop 1 floor!
 42801 | Elf:2    | Received a gift from Okawaru
 42852 | Elf:2    | Received a gift from Okawaru
 43037 | Elf:2    | Found a runed translucent gate.
 43037 | Elf:2    | Found a runed translucent gate.
 43038 | Elf:2    | Found a runed translucent gate.
 43136 | Elf:2    | Reached skill level 15 in Armour
 43981 | Elf:1    | Got a coiled copper amulet
 43995 | Elf:1    | Identified the amulet "Napuesh" {RegenMP Fragile +Inv rElec
                  | Int+2} (You found it on level 1 of the Elven Halls)
 44283 | Elf:3    | Entered Level 3 of the Elven Halls
 44404 | Elf:3    | Found a flickering gateway to a bazaar.
 44416 | Bazaar   | Entered a bazaar
 44433 | Bazaar   | Found Wiclof's General Store.
 44453 | Bazaar   | Found Hymuekeh's Magic Scroll Boutique.
 44463 | Bazaar   | Found Duacriry's Gadget Shop.
 44510 | Bazaar   | Found Bakkis's Assorted Antiques.
 44520 | Bazaar   | Found Ysheineta's Gadget Shop.
 44605 | Bazaar   | Bought a scroll of enchant armour for 60 gold pieces
 44605 | Bazaar   | Bought a scroll of magic mapping for 28 gold pieces
 44605 | Bazaar   | Bought a scroll of enchant armour for 60 gold pieces
 44623 | Bazaar   | Bought a scroll of enchant armour for 120 gold pieces
 44623 | Bazaar   | Bought a scroll of fog for 32 gold pieces
 44623 | Bazaar   | Bought 2 scrolls of fear for 112 gold pieces
 44648 | Bazaar   | Bought a wand of acid (9) for 234 gold pieces
 44648 | Bazaar   | Bought a wand of acid (9) for 234 gold pieces
 44648 | Bazaar   | Bought a wand of iceblast (8) for 108 gold pieces
 44648 | Bazaar   | Bought a wand of iceblast (5) for 81 gold pieces
 44648 | Bazaar   | Bought a wand of iceblast (8) for 108 gold pieces
 45334 | Elf:3    | Received a gift from Okawaru
 45334 | Elf:3    | Reached skill level 10 in Throwing
 45781 | Elf:3    | Reached XP level 21. HP: 174/174 MP: 20/27
 45853 | Elf:3    | Received a gift from Okawaru
 45973 | Elf:3    | Received a gift from Okawaru
 46016 | Elf:3    | Received a gift from Okawaru
 46186 | Elf:3    | Identified the amulet "Ibats" {Acrobat rC- MR+ Str+4 Dex+3}
 46198 | Elf:3    | Found the cursed +13 scythe of Curses {drain, *Curse}
 46212 | Elf:3    | Identified the Disquisition on Lightness
 46326 | Elf:3    | Identified the ring "Qaexzeu" {+Blink rPois rC+ Int+6} (You
                  | found it on level 3 of the Elven Halls)
 46761 | Vaults:1 | Entered Level 1 of the Vaults
 47383 | Vaults:1 | Received a gift from Okawaru
 47614 | Vaults:1 | Found a runed translucent gate.
 47614 | Vaults:1 | Found a runed translucent gate.
 47614 | Vaults:1 | Found a runed translucent gate.
 47838 | Vaults:1 | Got a scorched steel ring
 47840 | Vaults:1 | Identified the ring "Vezxyk" {rPois MR+} (You found it on
                  | level 1 of the Vaults)
 48112 | Vaults:1 | Found Falush's Assorted Antiques.
 48247 | Vaults:2 | Reached skill level 15 in Fighting
 48729 | Vaults:2 | Reached XP level 22. HP: 156/192 MP: 28/28
 49089 | Vaults:2 | Received a gift from Okawaru
 49335 | Vaults:2 | You fall into a shaft and drop 1 floor!
 49608 | Vaults:3 | Received a gift from Okawaru
 49906 | Vaults:3 | Received a gift from Okawaru
 50036 | Vaults:3 | Received a gift from Okawaru
 50248 | Vaults:3 | Reached skill level 15 in Shields
 50800 | Vaults:2 | Received a gift from Okawaru
 50942 | Vaults:2 | You fall into a shaft and drop 1 floor!
 51239 | Vaults:3 | Found a staircase to the Crypt.
 51421 | Vaults:4 | Received a gift from Okawaru
 52062 | Vaults:4 | Reached XP level 23. HP: 170/198 MP: 29/29
 52198 | Vaults:4 | Found Bephit's Assorted Antiques.
 52466 | D:9      | Bought +1 gold dragon scales for 1218 gold pieces
 53083 | Vaults:1 | Bought a pair of embroidered gloves for 165 gold pieces
 53174 | Vaults:1 | Received a gift from Okawaru
 53212 | Vaults:1 | Found a runed translucent gate.
 53212 | Vaults:1 | Found a runed translucent gate.
 53217 | Vaults:1 | Found a runed translucent gate.
 53217 | Vaults:1 | Noticed Ceoruaheis's ghost (adept MiFi)
 53256 | Vaults:1 | Killed Ceoruaheis's ghost
 53256 | Vaults:1 | Received a gift from Okawaru
 53267 | Vaults:1 | Got a thick robe {god gift}
 53287 | Vaults:1 | Got a bloodstained hat
 53296 | Vaults:1 | Identified the +0 hat of Pandemonium {MR+ Int+4} (You found
                  | it on level 1 of the Vaults)
 53492 | Depths:1 | Entered Level 1 of the Depths
 53532 | Depths:1 | Reached skill level 15 in Throwing
 53536 | Depths:1 | Found a gateway to Hell.
 53703 | Depths:1 | Noticed Sojobo
 53719 | Depths:1 | Killed Sojobo
 54000 | Depths:1 | You fall into a shaft and drop 1 floor!
 54312 | Depths:1 | Reached skill level 16 in Armour
 54328 | Depths:1 | Found a portal to a secret trove of treasure.
 55600 | Shoals:4 | Killed Philosophunculist's ghost
 55607 | Shoals:4 | Killed Ratty's ghost
 55955 | Depths:1 | You paid a toll of a +8 demon trident to enter a treasure
                  | trove
 55956 | Trove    | Entered a treasure trove
 55959 | Trove    | Found the +5 robe of Night {Dark MR+ SInv}
 55983 | Trove    | Got a shimmering plate armour
 55994 | Trove    | Identified the +9 plate armour of the Elephant {rPois
                  | Dex+7} (You found it in a treasure trove)
 56028 | Trove    | Got a pair of jewelled gloves
 56039 | Trove    | Identified the +0 pair of gloves of Slovenliness {rPois
                  | Str+5} (You found it in a treasure trove)
 56040 | Trove    | Got a spiked helmet
 56051 | Trove    | Identified the +0 helmet of Lust {-Cast rPois Int-2 Stlth+}
                  | (You found it in a treasure trove)
 56059 | Trove    | Found the +2 cloak of the Thief {+Fog Slay-2 SInv Stlth+}
 56063 | Trove    | Got an ichor-stained hat
 56069 | Trove    | Identified the +1 hat "Zuluuh" {rElec} (You found it in a
                  | treasure trove)
 56076 | Trove    | Got a translucent plate armour
 56087 | Trove    | Identified the +3 plate armour of Ustoiqe {rN+} (You found
                  | it in a treasure trove)
 56288 | Depths:1 | Received a gift from Okawaru
 56544 | Depths:1 | Received a gift from Okawaru
 56825 | Depths:2 | Found a one-way gate leading to the halls of Pandemonium.
 56966 | Depths:2 | Noticed a golden dragon
 56970 | Depths:2 | Noticed a golden dragon
 56986 | Depths:2 | Killed a golden dragon
 56986 | Depths:2 | Reached skill level 17 in Armour
 57001 | Depths:2 | Killed a golden dragon
 57205 | Depths:2 | Identified the +2 war axe of Infection {antimagic, *Contam
                  | rC+ Dex+3 SInv} (You found it on level 2 of the Depths)
 57302 | Depths:2 | Reached XP level 24. HP: 197/206 MP: 29/29
 57765 | Depths:2 | Found Zattuoq's Gadget Shop.
 57765 | Depths:2 | Found Dat Tut's Jewellery Shoppe.
 57766 | Depths:2 | Found Plog's Jewellery Shoppe.
 58222 | Depths:3 | Received a gift from Okawaru
 58277 | Depths:3 | Reached skill level 18 in Armour
 58514 | Depths:3 | Found a white marble altar of Elyvilon.
 58610 | Depths:3 | Found a stormy altar of Qazlal.
 58610 | Depths:3 | Noticed a caustic shrike
 58621 | Depths:3 | Killed a caustic shrike
 58736 | Depths:3 | Found a hazy altar of Hepliaklqana.
 58831 | Depths:3 | Noticed a caustic shrike
 58837 | Depths:3 | Killed a caustic shrike
 58837 | Depths:3 | Received a gift from Okawaru
 58887 | Depths:3 | Found a blossoming altar of Fedhas.
 59058 | Depths:3 | Noticed a juggernaut
 59075 | Depths:3 | Killed a juggernaut
 59075 | Depths:3 | Received a gift from Okawaru
 59287 | Depths:3 | Received a gift from Okawaru
 59309 | Depths:3 | Identified the +1 chain mail "Caggol" {god gift, *Slow
                  | rF+++ Regen+ Int+8} (Okawaru gifted it to you on level 3 of
                  | the Depths)
 59567 | Depths:3 | Found a gateway to a ziggurat.
 59588 | Depths:3 | Reached XP level 25. HP: 100/213 MP: 26/29
 60415 | Depths:2 | Bought the amulet of Irpheode {Spirit rElec rF++} for 676
                  | gold pieces
 61462 | Depths:4 | Noticed the Enchantress
 61469 | Depths:4 | Killed the Enchantress
 61565 | Depths:4 | Found a one-way gate to the infinite horrors of the Abyss.
 61619 | Depths:4 | Received a gift from Okawaru
 61795 | Depths:4 | You fall into a shaft and drop 1 floor!
 61795 | Depths:5 | Entered Level 5 of the Depths
 62354 | Depths:5 | Received a gift from Okawaru
 62616 | Depths:5 | Received a gift from Okawaru
 62695 | Depths:5 | Found a gate to the Realm of Zot.
 62731 | Depths:5 | Received a gift from Okawaru
 63013 | Depths:5 | Received a gift from Okawaru
 63235 | Depths:4 | Found a hide-covered altar of Uskayaw.
 63645 | Vaults:5 | Entered Level 5 of the Vaults
 63651 | Vaults:5 | Reached XP level 26. HP: 231/231 MP: 28/29
 63684 | Vaults:5 | Noticed an ancient lich
 63696 | Vaults:5 | Killed an ancient lich
 64138 | Vaults:5 | Received a gift from Okawaru
 64225 | Vaults:5 | Found the +10 morningstar "Eos" {elec, Halo rElec}
 64693 | Vaults:5 | Received a gift from Okawaru
 64756 | Vaults:5 | Identified the +9 war axe "Jocviyz" {freeze, rElec rPois
                  | Str-3 Int-4}
 65369 | Vaults:5 | Identified Maviaqat's Incunabulum of the Voyage and Shape
                  | Shifting
 65425 | Vaults:5 | Reached XP level 27. HP: 238/238 MP: 29/29
 65430 | Vaults:5 | Identified the Almanac of Attacks
 65470 | Vaults:5 | Got a silver rune of Zot
 65473 | Vaults:5 | Identified Eptaodu's Volume of Attacks
 65583 | Vaults:5 | Found the +8 storm bow {elec, penet}
 66031 | Zot:1    | Entered Level 1 of the Realm of Zot
 66073 | Zot:1    | Received a gift from Okawaru
 66131 | Zot:1    | Received a gift from Okawaru
 66201 | Zot:1    | Reached skill level 19 in Armour
 66313 | Zot:1    | Received a gift from Okawaru
 66319 | Zot:1    | Got a topaz-encrusted scale mail {god gift}
 66911 | Vaults:1 | Bought a potion of might for 88 gold pieces
 67034 | Vaults:4 | Bought a potion of might for 136 gold pieces
 67451 | Zot:1    | Reached skill level 20 in Armour
 68504 | Zot:2    | You fall into a shaft and drop 2 floors!
 68506 | Zot:4    | Received a gift from Okawaru
 68544 | Zot:4    | Received a gift from Okawaru
 68641 | Zot:4    | Received a gift from Okawaru
 68769 | Zot:4    | Noticed an ancient lich
 68778 | Zot:4    | Killed an ancient lich
 68803 | Zot:4    | Found a stormy altar of Qazlal.
 68815 | Zot:4    | Identified Waitacw's Further Steps in Theurgy
 69019 | Zot:4    | Noticed an orb of fire
 69046 | Zot:4    | Killed an orb of fire
 69344 | Zot:4    | Noticed an orb of fire
 69357 | Zot:4    | Killed an orb of fire
 69366 | Zot:4    | Reached skill level 15 in Dodging
 69378 | Zot:4    | Received a gift from Okawaru
 70314 | Zot:3    | Received a gift from Okawaru
 70733 | Zot:3    | Received a gift from Okawaru
 70921 | Zot:3    | Noticed an orb of fire
 72632 | Zot:5    | Entered Level 5 of the Realm of Zot
 73215 | Zot:5    | Noticed an orb of fire
 73227 | Zot:5    | Killed an orb of fire
 73227 | Zot:5    | Noticed an orb of fire
 73234 | Zot:5    | Killed an orb of fire
 73237 | Zot:5    | Received a gift from Okawaru
 73250 | Zot:5    | Noticed an ancient lich
 73257 | Zot:5    | Killed an ancient lich
 73275 | Zot:5    | Noticed an orb of fire
 73285 | Zot:5    | Killed an orb of fire
 73287 | Zot:5    | Received a gift from Okawaru
 73291 | Zot:5    | Noticed an ancient lich
 73293 | Zot:5    | Noticed an orb of fire
 73296 | Zot:5    | Killed an ancient lich
 73296 | Zot:5    | Noticed an ancient lich
 73297 | Zot:5    | Killed an orb of fire
 73297 | Zot:5    | Received a gift from Okawaru
 73301 | Zot:5    | Killed an ancient lich
 73301 | Zot:5    | Received a gift from Okawaru
 73302 | Zot:5    | Reached skill level 21 in Armour
 73303 | Zot:5    | Noticed an ancient lich
 73304 | Zot:5    | Noticed an ancient lich
 73306 | Zot:5    | Killed an ancient lich
 73306 | Zot:5    | Killed an ancient lich
 73308 | Zot:5    | Noticed an ancient lich
 73310 | Zot:5    | Killed an ancient lich
 73310 | Zot:5    | Received a gift from Okawaru
 73310 | Zot:5    | Noticed an ancient lich
 73313 | Zot:5    | Noticed an ancient lich
 73316 | Zot:5    | Killed an ancient lich
 73317 | Zot:5    | Got a steaming helmet {god gift}
 73318 | Zot:5    | Identified the +4 helmet of Daisies {god gift, *Drain rElec
                  | Str+3} (Okawaru gifted it to you on level 5 of the Realm of
                  | Zot)
 73321 | Zot:5    | Killed an ancient lich
 73382 | Zot:5    | Noticed an ancient lich
 73391 | Zot:5    | Killed an ancient lich
 73583 | Zot:5    | Received a gift from Okawaru
 74061 | Zot:5    | Got the Orb of Zot
 74167 | Zot:4    | Noticed Nycw the pandemonium lord
 74175 | Zot:4    | Killed Nycw the pandemonium lord
 74637 | D:13     | Noticed Femaygue the pandemonium lord
 74657 | D:13     | Killed Femaygue the pandemonium lord
 74667 | D:13     | Noticed Hudameoll the pandemonium lord
 74673 | D:13     | Killed Hudameoll the pandemonium lord
 74713 | D:13     | Noticed Joricid the pandemonium lord
 74733 | D:13     | Reached skill level 22 in Armour
 74734 | D:13     | Killed Joricid the pandemonium lord
 74734 | D:13     | Received a gift from Okawaru
 74773 | D:13     | Received a gift from Okawaru
 75018 | D:4      | Noticed Ligeaf the pandemonium lord
 75028 | D:4      | Killed Ligeaf the pandemonium lord
 75110 | D:$      | Escaped with the Orb!
